 Dungeon Sprint DCSS version 0.26-a0-683-g5206c1d7ac (webtiles) character file.

Game seed: 9407272413009883873

345 rocky1 the Thaumaturge (level 6, 0/32 HPs)
             Began as a Deep Elf Fire Elementalist on Oct 23, 2020.
             Was an Elder of Vehumet.
             Killed from afar by Josephine (25 damage)
             ... with a ghostly fireball
             ... in the Dungeon (Sprint VII: "The Pits").
             The game lasted 00:05:33 (873 turns).

rocky1 the Thaumaturge (Deep Elf Fire Elementalist)  Turns: 873, Time: 00:05:34

Health: 0/32       AC:  2    Str:  5    XL:     6   Next: 32%
Magic:  3/21       EV: 11    Int: 22    God:    Vehumet [****..]
Gold:   0          SH:  0    Dex: 15    Spells: 10/26 levels left

rFire    . . .     SeeInvis .   m - +2 quarterstaff (speed)
rCold    . . .     Faith    .   (shield currently unavailable)
rNeg     . . .     Spirit   .   a - +0 robe
rPois    .         Reflect  .   (no helmet)
rElec    .         Harm     .   (no cloak)
rCorr    .         Rampage  .   (no gloves)
MR       .....     NoTele   +   (no boots)
Stlth    ++........             (no amulet)
HPRegen  0.10/turn              (no ring)
MPRegen  0.17/turn              (no ring)

@: heavily drained
A: no striking features
a: Renounce Religion


You were in the Dungeon.
You worshipped Vehumet.
Vehumet was greatly pleased with you.
You visited 1 branch

Inventory:

Hand Weapons
 b - a +2 spectral quarterstaff
 m - a +2 quarterstaff of speed (weapon)
Armour
 a - a +0 robe (worn)
Scrolls
 h - a scroll of blinking
 j - 3 scrolls of remove curse
 k - 5 scrolls of amnesia
 l - a scroll of summoning
Potions
 c - 6 potions of curing
 d - a potion of heal wounds
 e - a potion of haste
 f - 4 potions of magic
 g - 3 potions of berserk rage
 i - 2 potions of invisibility


   Skills:
 - Level 2.4(0.8) Dodging
 - Level 2.4(0.8) Stealth
 + Level 10.5(8.5) Spellcasting
 + Level 8.6(6.6) Conjurations
 + Level 9.2(7.2) Fire Magic


You had 10 spell levels left.
You knew the following spells:

 Your Spells              Type           Power        Failure   Level
a - Foxfire               Conj/Fire      ####         1%          1
b - Conjure Flame         Conj/Fire      #####...     1%          3
c - Inner Flame           Hex/Fire       ####....     1%          3
d - Sticky Flame          Conj/Fire      #####...     1%          4
e - Fireball              Conj/Fire      #####.....   3%          5

Your spell library contained the following spells:

 Spells                   Type           Power        Failure   Level
 Airstrike                Air            #.........   17%         4


Dungeon Overview and Level Annotations

Branches:
Dungeon (1/1)

Altars:
Ashenzari
Cheibriados
Dithmenos
Elyvilon
Fedhas
Gozag
Hepliaklqana
Kikubaaqudgha
Makhleb
Nemelex Xobeh
Okawaru
Qazlal
Ru
Sif Muna
Trog
Uskayaw
Vehumet
Wu Jian
Xom
Yredelemnul
Zin
The Shining One
Beogh
Jiyva
Lugonu

Annotations:
D Josephine


Message History

Josephine is almost dead.
Unknown command.
Casting: Foxfire (safe; 1% risk of failure)
Confirm with . or Enter, or press ? or * to list all spells.
You conjure some foxfire!
Josephine burns!
Josephine is infused with unholy energy.
Ouch! That really hurt!
Josephine draws life force from you and is healed!
Josephine hits you with a +1 dagger of speed!
* * * LOW HITPOINT WARNING * * *
You feel much better.
Josephine burns!
The foxfire hits Josephine.
Josephine is almost dead.
The foxfire hits Josephine.
Josephine is almost dead.
Josephine closely misses you. Josephine casts a spell at you.
The ghostly flame explodes!
The ghostly fireball engulfs you!!
You feel drained.
Ouch! That really hurt!
You die...

#)#........##.......#
#'###########.......#
#.......# #########
#..###..# #.......#
##.###.##+#
#.......#.+
#..###.@#'#
#......@'.#
###########


You could see Josephine (fast, burning).

Vanquished Creatures
  A floating eye (D)
  2 bullfrogs (D)
  A scorpion (D)
  A quasit (D)
  An orc wizard (D)
  An adder skeleton (D)
  A leopard gecko (D)
  3 orcs (D)
  2 giant cockroaches (D)
  A goblin (D)
  A hobgoblin (D)
  A ball python skeleton (D)
  A bat (D)
  A rat (D)
18 creatures vanquished.

Vanquished Creatures (others)
  50 foxfires (D)
50 creatures vanquished.

Grand Total: 68 creatures vanquished

Notes
Turn   | Place    | Note
-------+----------+-------------------------------------------
     0 | D        | rocky1 the Deep Elf Fire Elementalist began the quest for
                  | the Orb.
     0 | D        | Reached XP level 1. HP: 10/10 MP: 6/6
    20 | D        | Found a bloodstained altar of Trog.
    20 | D        | Found a shimmering blue altar of Sif Muna.
    20 | D        | Found a viscous altar of Jiyva.
    20 | D        | Found a hazy altar of Hepliaklqana.
    20 | D        | Found an opulent altar of Gozag.
    21 | D        | Found a glowing golden altar of the Shining One.
    21 | D        | Found a glowing silver altar of Zin.
    21 | D        | Found a basalt altar of Yredelemnul.
    21 | D        | Found a shimmering altar of Xom.
    21 | D        | Found an ornate altar of the Wu Jian Council.
    21 | D        | Found a sacrificial altar of Ru.
    21 | D        | Found a stormy altar of Qazlal.
    21 | D        | Found an iron altar of Okawaru.
    21 | D        | Found a sparkling altar of Nemelex Xobeh.
    21 | D        | Found a burning altar of Makhleb.
    21 | D        | Found a blossoming altar of Fedhas.
    21 | D        | Found a white marble altar of Elyvilon.
    21 | D        | Found a shadowy altar of Dithmenos.
    21 | D        | Found a snail-covered altar of Cheibriados.
    24 | D        | Found a corrupted altar of Lugonu.
    24 | D        | Found a radiant altar of Vehumet.
    24 | D        | Found a roughly hewn altar of Beogh.
    25 | D        | Found an ancient bone altar of Kikubaaqudgha.
    25 | D        | Found a hide-covered altar of Uskayaw.
    25 | D        | Found a broken altar of Ashenzari.
    41 | D        | Became a worshipper of Vehumet
   116 | D        | Noticed a floating eye
   122 | D        | Paralysed by a floating eye for 3 turns
   129 | D        | Killed a floating eye
   129 | D        | Reached * piety under Vehumet
   129 | D        | Offered knowledge of Sandblast by Vehumet.
   129 | D        | Reached skill level 7 in Spellcasting
   129 | D        | Reached skill level 5 in Conjurations
   129 | D        | Reached XP level 2. HP: 15/15 MP: 7/12
   129 | D        | Reached XP level 3. HP: 19/19 MP: 7/13
   129 | D        | Reached XP level 4. HP: 24/24 MP: 8/15
   204 | D        | Learned a level 3 spell: Conjure Flame
   208 | D        | Learned a level 3 spell: Inner Flame
   213 | D        | Learned a level 4 spell: Sticky Flame
   319 | D        | Offered knowledge of Freeze by Vehumet.
   323 | D        | Reached ** piety under Vehumet
   334 | D        | Reached skill level 8 in Spellcasting
   334 | D        | Reached XP level 5. HP: 24/28 MP: 13/17
   553 | D        | Offered knowledge of Stone Arrow by Vehumet.
   571 | D        | Reached *** piety under Vehumet
   576 | D        | Reached skill level 9 in Spellcasting
   585 | D        | Reached **** piety under Vehumet
   585 | D        | Reached skill level 10 in Spellcasting
   585 | D        | Reached XP level 6. HP: 10/32 MP: 14/21
   791 | D        | Offered knowledge of Airstrike by Vehumet.
   817 | D        | Learned a level 5 spell: Fireball
   858 | D        | Noticed Josephine
   873 | D        | Killed from afar by Josephine

Illustrated notes

Levels and vault maps discovered:
D:        pitsprint [storerooms_1, entrance_room_1, metal_vault_6, armoury_2,
          mini_pit_1, grid_room_1, main_hall_1, silver_pit, the_coven_1,
          the_vestibule_1, steel_vault_5, golden_pit, hallway_of_sentries,
          crystal_vault_1, iron_vault_1, final_vault]

Skill      XL: |  1  2  3  4  5  6 |
---------------+-------------------+-----
Conjurations   | 5 6 8 |  8.6
Spellcasting   | 7 8 10 | 10.5
Fire Magic     | 6 7 8 9 |  9.2
Dodging        | |  2.4
Stealth        | |  2.4

Action                   |  1- 3 |  4- 6 || total
-------------------------+-------+-------++-------
Melee: Quarterstaff      |     6 |    15 ||    21
 Cast: Foxfire           |     6 |    25 ||    31
       Sticky Flame      |       |     3 ||     3
       Conjure Flame     |       |     1 ||     1
       Fireball          |       |     2 ||     2
  Use: Potion            |       |     5 ||     5
Armor: Robe              |       |     7 ||     7
Dodge: Dodged            |       |    12 ||    12

Table legend: (Time is in decaauts)
 A = Elapsed time spent in this place.
 B = Non-inter-level travel time spent in this place.
 C = Inter-level travel time spent in this place.
 D = Time resting spent in this place.
 E = Time spent auto-exploring this place.
 F = Levels seen in this place.
 G = Mean time per level.
                   A        B        C        D        E       F      G
               +--------+--------+--------+--------+--------+-----+--------+
         Total |    873 |    873 |      0 |    537 |      0 |   1 |  873.0 |
       Dungeon |    873 |    873 |      0 |    537 |      0 |   1 |  873.0 |
               +--------+--------+--------+--------+--------+-----+--------+

Top non-repeatable levels by time:
       D: 873 daAuts
